 Dungeon Crawl Stone Soup version 0.19.1 (webtiles) character file.

100 Haldmier the Slasher (level 4, -1/45 HPs)
             Began as a High Elf Skald on Dec 14, 2016.
             Slain by an orc wizard
             ... wielding a +0 dagger
              (2 damage)
             ... on level 3 of the Dungeon.
             The game lasted 00:09:51 (2562 turns).

Haldmier the Slasher (High Elf Skald)               Turns: 2562, Time: 00:09:52

Health: -1/45      AC:  6    Str: 16    XL:     4   Next: 47%
Magic:  6/9        EV: 11    Int: 15    God:
Gold:   180        SH:  0    Dex: 16    Spells: 3 memorised, 2 levels left

rFire  . . .     SeeInvis .     a - +0 falchion
rCold  . . .     Gourm    .     b - +0 leather armour
rNeg   . . .     Faith    .     (no shield)
rPois  .         Spirit   .     (no helmet)
rElec  .         Reflect  .     v - +0 cloak
rCorr  .         Harm     .     C - +0 pair of gloves
MR     .....                    e - +0 pair of boots
Stlth  ..........               (no amulet)
                                (no ring)
                                (no ring)

@: berserking, very slightly contaminated, very quick
A: no striking features
a: no special abilities


You were on level 3 of the Dungeon.
You were not hungry.

You visited 1 branch of the dungeon, and saw 3 of its levels.

You collected 180 gold pieces.

Inventory:

Hand Weapons
 a - a +0 falchion (weapon)
 u - a +0 short sword of flaming
 w - a +2 short sword of venom
Missiles
 p - 7 tomahawks (quivered)
Armour
 b - a +0 leather armour (worn)
 e - a +0 pair of boots (worn)
 l - a cursed +0 scale mail
 v - a +0 cloak (worn)
 C - a +0 pair of gloves (worn)
Jewellery
 y - an uncursed ring of flight {unknown}
 B - a +6 ring of dexterity {unknown}
Scrolls
 f - 5 scrolls of teleportation {unknown}
 h - 2 scrolls of remove curse {unknown}
 j - 3 scrolls of identify {unknown}
 n - 2 scrolls of random uselessness {unknown}
 s - a scroll of fear {unknown}
 z - a scroll of magic mapping {unknown}
Potions
 g - a potion of might {unknown}
 k - a potion of flight {unknown}
 o - a potion of heal wounds {unknown}
 t - a potion of haste {unknown}
 x - a potion of curing {unknown}
Books
 c - a book of Battle

   Spells                             Type                      Level
   a - Infusion                       Charms                       1
   b - Shroud of Golubria             Charms/Translocation         2
   c - Song of Slaying                Charms                       2
   d - Spectral Weapon                Hexes/Charms                 3
   e - Regeneration                   Charms/Necromancy            3
Comestibles
 d - 2 bread rations
 i - 2 beef jerkies
 q - a royal jelly
 r - a meat ration
 A - a chunk of flesh


   Skills:
 + Level 2.9 Fighting
 * Level 4.0 Long Blades
 - Level 0.8 Armour
 - Level 1.1 Dodging
 + Level 2.8 Spellcasting
 + Level 0.8 Hexes
 + Level 3.9 Charms
 + Level 1.0 Translocations


You had 2 spell levels left.
You knew the following spells:

 Your Spells              Type           Power        Failure   Level  Hunger
a - Infusion              Chrm           ##..         6%          1    #......
b - Shroud of Golubria    Chrm/Tloc      #.........   14%         2    ##.....
c - Spectral Weapon       Hex/Chrm       #.......     30%         3    ###....


Dungeon Overview and Level Annotations

Branches:
Dungeon (3/15)

Altars:
Fedhas
Makhleb
Qazlal
Ru


Message History

The orc wizard is severely wounded.
The orc wizard hits you with a dagger.
* * * LOW HITPOINT WARNING * * *
The orc wizard hits you but does no damage.
You take 1 damage, and have 8/30 hp.
You barely miss the orc wizard.
The orc wizard is heavily wounded.
The orc wizard hits you but does no damage.
You miss the orc wizard.
The orc wizard is heavily wounded.
The orc wizard casts a spell at you. The magic dart hits you!
* * * LOW HITPOINT WARNING * * *
The orc wizard hits you but does no damage.
You take 7 damage, and have 1/30 hp.
MASSIVE DAMAGE!!
It was a potion of berserk rage.
A red film seems to cover your vision as you go berserk!
You feel yourself moving faster!
You feel mighty! The orc wizard hits you with a dagger.
You die...

##.. ##..# ####..#.
##....##.
##..#####. ##..##
#. ####..## ##
#############.)..##
#......oo@....####
..#############


You could see an orc wizard and an orc.

Vanquished Creatures
  3 adders
  An ooze (D:2)
  A worm (D:2)
  2 leopard geckos
  2 orcs (D:3)
  4 bats
  A giant cockroach (D:1)
  8 goblins
  6 hobgoblins
  10 jackals
  6 kobolds
  2 quokkas (D:2)
  5 frilled lizards
  7 rats
  A fungus (D:2)
59 creatures vanquished.

Notes
Turn   | Place    | Note
-------+----------+-------------------------------------------
     0 | D:1      | Haldmier the High Elf Skald began the quest for the Orb.
     0 | D:1      | Reached XP level 1. HP: 14/14 MP: 4/4
   107 | D:1      | Reached skill level 3 in Long Blades
   152 | D:1      | Reached XP level 2. HP: 7/19 MP: 1/6
   601 | D:1      | Learned a level 2 spell: Shroud of Golubria
   942 | D:1      | Reached XP level 3. HP: 25/25 MP: 4/7
  1703 | D:2      | Learned a level 3 spell: Spectral Weapon
  1718 | D:2      | Found a stormy altar of Qazlal.
  1736 | D:2      | Reached XP level 4. HP: 28/30 MP: 1/8
  1805 | D:2      | Found a blossoming altar of Fedhas.
  1993 | D:2      | Reached skill level 1 in Translocations
  2169 | D:2      | Found a sacrificial altar of Ru.
  2169 | D:2      | Found a burning altar of Makhleb.
  2317 | D:3      | Reached skill level 4 in Long Blades
  2561 | D:3      | HP: 1/30 [orc wizard/magic dart (7)]
  2562 | D:3      | Slain by an orc wizard

Skill      XL: |  1  2  3  4 |
---------------+-------------+-----
Long Blades    | 3 4 |  4.0
Translocations | 1 |  1.0
Fighting       | |  2.9
Armour         | |  0.8
Dodging        | |  1.1
Spellcasting   | |  2.8
Hexes          | |  0.8
Charms         | |  3.9

Action                   |  1- 3 |  4- 6 || total
-------------------------+-------+-------++-------
Melee: Falchion          |   117 |    65 ||   182
Throw: Tomahawk          |       |     1 ||     1
 Cast: Infusion          |    22 |     6 ||    28
       Shroud of Golubri |     3 |     2 ||     5
  Use: Potion            |       |     1 ||     1
 Stab: Distracted        |       |     1 ||     1
  Eat: Chunk             |     3 |     3 ||     6
Armor: Leather armour    |    42 |    17 ||    59
Dodge: Dodged            |    53 |    24 ||    77
       Rpst.: Falchion   |    12 |     4 ||    16
